 Dungeon Crawl Stone Soup version 0.27-a0-1232-gc6a4cbde82 (webtiles) character file.

Game seed: 9044570372229743994

90 mordus the Ruffian (level 4, -4/44 HPs)
             Began as a Troll Monk on June 8, 2021.
             Slain by a water moccasin (8 damage)
             ... on level 4 of the Dungeon.
             The game lasted 00:01:50 (2148 turns).

mordus the Ruffian (Troll Monk)                     Turns: 2148, Time: 00:01:50

Health: -4/44      AC:  4    Str: 19    XL:     4   Next: 32%
Magic:  3/3        EV: 10    Int:  6    God:
Gold:   62         SH:  0    Dex: 13    Spells: 3/3 levels left

rFire    . . .     SeeInvis .     - Unarmed
rCold    . . .     Faith    .   (no shield)
rNeg     . . .     Spirit   .   a - +0 robe
rPois    .         Reflect  .   (helmet restricted)
rElec    .         Harm     .   (no cloak)
rCorr    .         Rampage  .   (gloves unavailable)
Will     .....                  (boots unavailable)
Stlth    ++........             (no amulet)
HPRegen  1.14/turn              (no ring)
MPRegen  0.08/turn              (no ring)

@: lethally poisoned (-4 -> -4)
A: large, unfitting armour, claws 3, regeneration 1, shaggy fur 1, tough skin 1
a: no special abilities


You were on level 4 of the Dungeon.
You visited 1 branch of the dungeon, and saw 4 of its levels.

You collected 62 gold pieces.

Inventory:

Hand Weapons
 l - a +0 club
Armour
 a - a +0 robe (worn)
Jewellery
 f - an amulet of magic regeneration
Scrolls
 c - 2 scrolls of fear {unknown}
 d - 2 scrolls of enchant armour {unknown}
 g - a scroll of fog {unknown}
 h - a scroll of magic mapping {unknown}
 i - 4 scrolls of teleportation {unknown}
 k - 2 scrolls of enchant weapon {unknown}
 n - a scroll of holy word {unknown}
 o - a scroll of blinking {unknown}
 p - a scroll of acquirement {unknown}
Potions
 b - 2 potions of attraction {unknown}
 e - 2 potions of curing {unknown}
 j - a potion of resistance {unknown}
 m - a potion of lignification {unknown}
 q - a potion of haste {unknown}
 r - a potion of flight {unknown}


   Skills:
 - Level 2.4 Fighting
 + Level 0.4 Maces & Flails
 - Level 2.4 Dodging
 - Level 1.0 Stealth
 * Level 5.1 Unarmed Combat


You had 3 spell levels left.
You didn't know any spells.
Your spell library was empty.

Dungeon Overview and Level Annotations

Branches:
Dungeon (4/15)             Temple (0/1) D:4

Altars:
Elyvilon


Innate Abilities, Weirdness & Mutations

You are too large for most types of armour.
You have claws for hands.
Your natural rate of healing is unusually fast.
You are covered in fur. (AC +1)
You have tough skin. (AC +1)


Message History

You closely miss the water moccasin.
The water moccasin is severely wounded.
You feel very sick. The water moccasin bites you.
The water moccasin bites you but does no damage.
A water moccasin is nearby!
You are too injured to fight recklessly!
A water moccasin is nearby!
You are too injured to fight recklessly!
A water moccasin is nearby!
You are too injured to fight recklessly!
A water moccasin is nearby!
You are too injured to fight recklessly!
A water moccasin is nearby!
You are too injured to fight recklessly!
A water moccasin is nearby!
You are too injured to fight recklessly!
You closely miss the water moccasin.
The water moccasin is severely wounded.
You feel very sick. The water moccasin bites you.
* * * LOW HITPOINT WARNING * * *
You closely miss the water moccasin.
The water moccasin is severely wounded.
You feel sick. The water moccasin misses you.
You closely miss the water moccasin.
The water moccasin is severely wounded.
You feel sick. The water moccasin closely misses you.
The water moccasin bites you.
* * * LOW HITPOINT WARNING * * *
You closely miss the water moccasin.
The water moccasin is severely wounded.
You feel sick. The water moccasin closely misses you.
You scratch the water moccasin but do no damage.
The water moccasin is severely wounded.
You feel sick. The water moccasin barely misses you.
You miss the water moccasin.
The water moccasin is severely wounded.
You feel sick. The water moccasin bites you!
You die...

### ..# #.# .## #.#
...# #.# .#.#
#.##+#....
#.#.####......#
#....S@'......#..#.#
###.####......#.....
#......#..#.#
###.......#.#
#.#####.#.#
#######'#####.#.####
.##....#........#.....
..
.......'..............
..
.##.#..#.......#......


You could see a water moccasin.

Vanquished Creatures
  An adder (D:2)
  4 dart slugs
  5 endoplasms
  A giant cockroach (D:2)
  6 goblins
  10 hobgoblins
  2 jackals (D:1)
  8 kobolds
  5 quokkas
  6 ball pythons
  6 bats
  2 frilled lizards
  9 rats
65 creatures vanquished.

Notes
Turn   | Place    | Note
-------+----------+-------------------------------------------
     0 | D:1      | mordus the Troll Monk began the quest for the Orb.
     0 | D:1      | Reached XP level 1. HP: 22/22 MP: 0/0
   119 | D:1      | Reached XP level 2. HP: 26/29 MP: 1/1
   311 | D:1      | Reached skill level 4 in Unarmed Combat
   399 | D:1      | Reached XP level 3. HP: 36/36 MP: 2/2
   433 | D:1      | Found a faded altar of an unknown god.
   986 | D:2      | Reached XP level 4. HP: 44/44 MP: 3/3
  1217 | D:3      | Reached skill level 5 in Unarmed Combat
  1956 | D:3      | Found a white marble altar of Elyvilon.
  2004 | D:4      | Found a staircase to the Ecumenical Temple.
  2134 | D:4      | Noticed a water moccasin
  2148 | D:4      | Slain by a water moccasin

Illustrated notes

Levels and vault maps discovered:
D:1:      lightli_arrival_chessboard, layout_loops_ring,
          hellmonk_ecumenical_altar_inner_sanctum
D:2:      layout_rooms, minmay_misc_feat_room
D:3:      layout_loops_corners, nicolae_elyvilon_temple_path
D:4:      old_forge, layout_basic, minmay_temple_entry_mist

Skill      XL: |  1  2  3  4 |
---------------+-------------+-----
Unarmed Combat | 4 5 |  5.1
Fighting       | |  2.4
Maces & Flails | |  0.4
Dodging        | |  2.4
Stealth        | |  1.0

Action                   |  1- 3 |  4- 6 || total
-------------------------+-------+-------++-------
Melee: Unarmed           |   109 |    35 ||   144
       Punch             |     1 |       ||     1
 Stab: Sleeping          |     2 |     3 ||     5
Armor: Robe              |    39 |     5 ||    44
Dodge: Dodged            |    55 |    11 ||    66

Table legend: (Time is in decaauts)
 A = Elapsed time spent in this place.
 B = Non-inter-level travel time spent in this place.
 C = Inter-level travel time spent in this place.
 D = Time resting spent in this place.
 E = Time spent auto-exploring this place.
 F = Levels seen in this place.
 G = Mean time per level.
                   A        B        C        D        E       F      G
               +--------+--------+--------+--------+--------+-----+--------+
         Total |   2135 |   2042 |     93 |      0 |   1701 |   4 |  533.8 |
       Dungeon |   2135 |   2042 |     93 |      0 |   1701 |   4 |  533.8 |
               +--------+--------+--------+--------+--------+-----+--------+

Top non-repeatable levels by time:
     D:3: 837 daAuts
     D:1: 671 daAuts
     D:2: 475 daAuts
     D:4: 150 daAuts
